 Dungeon Crawl Stone Soup version 0.24-a0-725-gf1a930fc54 (webtiles) character file.

Game seed: 7837214893650473839, levelgen mode: deterministic

159 MalarOregon the Stinger (level 5, 0/44 HPs)
             Began as a Draconian Venom Mage on Oct 1, 2019.
             Slain by an orc
             ... wielding a +0 club
              (6 damage)
             ... on level 3 of the Dungeon.
             The game lasted 00:03:58 (1972 turns).

MalarOregon the Stinger (Draconian Venom Mage)      Turns: 1972, Time: 00:03:58

Health: 0/44       AC:  5    Str: 10    XL:     5   Next: 17%
Magic:  0/9        EV: 15    Int: 16    God:
Gold:   102        SH:  0    Dex: 12    Spells: 4/10 levels left

rFire    . . .     SeeInvis .   p - +3 dagger
rCold    . . .     Gourm    .   (no shield)
rNeg     . . .     Faith    .   (armour unavailable)
rPois    .         Spirit   .   (helmet restricted)
rElec    .         Reflect  .   (no cloak)
rCorr    .         Harm     .   (no gloves)
MR       .....                  (no boots)
Stlth    ++........             (no amulet)
HPRegen  0.14/turn              c - +3 ring of evasion
MPRegen  0.11/turn              (no ring)

@: no status effects
A: unfitting armour, cold-blooded, AC +5
a: no special abilities


You were on level 3 of the Dungeon.
You were hungry.

You visited 1 branch of the dungeon, and saw 3 of its levels.

You collected 102 gold pieces.

Inventory:

Hand Weapons
 p - a +3 dagger (weapon)
   (You took it off a goblin on level 2 of the Dungeon)
Missiles
 l - a throwing net (quivered) {!f}
Jewellery
 c - a +3 ring of evasion (left hand)
   (You found it on level 2 of the Dungeon)
Scrolls
 a - 2 scrolls of enchant weapon {unknown}
 d - 3 scrolls of teleportation {unknown}
 g - a scroll of amnesia {unknown}
 i - 3 scrolls of remove curse {unknown}
Potions
 b - a potion of magic {unknown}
 h - a potion of haste {unknown}
 j - a potion of heal wounds {unknown}
 k - a potion of mutation {unknown}
 n - a potion of agility {unknown}
 o - a potion of resistance {unknown}
Comestibles
 e - 6 rations {!d}
 m - 4 chunks of flesh


   Skills:
 * Level 2.9 Fighting
 + Level 2.4 Dodging
 - Level 1.7 Stealth
 * Level 3.0 Spellcasting
 + Level 2.0 Conjurations
 + Level 3.4 Poison Magic


You had 4 spell levels left.
You knew the following spells:

 Your Spells              Type           Power        Failure   Level  Hunger
a - Sting                 Conj/Pois      ##..         6%          1    #......
f - Mephitic Cloud        Conj/Pois/Air  #.......     26%         3    ###....
x - Poisonous Vapours     Pois/Air       #.....       14%         2    ##.....

Your spell library contained the following spells:

 Spells                   Type           Power        Failure   Level  Hunger
 Olgreb's Toxic Radiance  Pois           ##......     41%         4    #####..
 Venom Bolt               Conj/Pois      ##........   86%         5    ######.


Dungeon Overview and Level Annotations

Branches:
Dungeon (3/15)

Altars:
Qazlal
Uskayaw


Innate Abilities, Weirdness & Mutations

Your plain brown scales are hard. (AC +5)
You cannot fit into any form of body armour.
You are cold-blooded and may be slowed by cold attacks.


Message History

The sting hits the orc.
The orc is poisoned.
The orc shouts!
The orc completely misses you.
You closely miss the orc.
You kill the orc!
The orc hits you with a +0 club.
Items here: ( ))) [ †††† You barely miss the orc.
The orc misses you.
Aim: an orc, wielding a +0 trident and wearing a +0 leather armour The sting hits the orc but does no damage.
The orc completely misses you. The orc hits you with a +0 club.
Some of the chunks of flesh in your inventory have rotted away.
You hit the orc. The orc misses you. The orc barely misses you.
You hit the orc but do no damage.
The orc hits you from afar with a +0 trident.
* * * LOW HITPOINT WARNING * * *
The orc hits you with a +0 club.
* * * LOW HITPOINT WARNING * * *
Aim: an orc, wielding a +0 trident and wearing a +0 leather armour The sting hits the orc.
The orc is poisoned.
The orc hits you but does no damage. The orc hits you with a +0 club.
* * * LOW HITPOINT WARNING * * *
You hit the orc but do no damage.
Your tail-slap misses the orc.
The orc hits you but does no damage.
You barely miss the orc. The orc hits you with a +0 club.
* * * LOW HITPOINT WARNING * * *
You hit the orc but do no damage. You tail-slap the orc.
The orc barely misses you. The orc hits you with a +0 club.
* * * LOW HITPOINT WARNING * * *
You hit the orc but do no damage.
The orc looks more healthy.
The orc hits you but does no damage. x2
You hit the orc but do no damage. The orc closely misses you.
The orc barely misses you.
You hit the orc but do no damage.
Your tail-slap misses the orc.
The orc misses you. x2
The orc hits you with a +0 trident.
* * * LOW HITPOINT WARNING * * *
You hit the orc.
You kill the orc!
The orc hits you but does no damage.
Unknown command.
Aim: an orc, wielding a +0 club and wearing a +0 scale mail (heavily wounded)
The sting hits the orc but does no damage.
The orc barely misses you.
You hit the orc but do no damage. The orc hits you but does no damage.
You barely miss the orc. The orc hits you with a +0 club.
* * * LOW HITPOINT WARNING * * *
You completely miss the orc. The orc closely misses you.
You barely miss the orc. The orc hits you with a +0 club.
You die...

#)<#.####.#
#.###.)........ ###
.......o....##. #..
.#.###...g.## #.#
#.g#.####.# #.#
#.g.......# #.#
##......).# ##.#######
###'###### #.<.o@).(#
#...# #..#####)# #..S..
#...#.##(# #.......
###.#....#.##g........
............S)g..o.....+
####.##...#.##o........#
#........# #......
#####.#### #..... ...#
#...#


You could see an orc.

Vanquished Creatures
  A bullfrog skeleton (D:3)
  Robin (D:3)
  5 adders
  A worm (D:2)
  A leopard gecko (D:2)
  6 orcs (D:3)
  A ball python (D:2)
  4 bats
  A giant cockroach (D:2)
  11 goblins
  13 hobgoblins
  4 kobolds
  3 quokkas
  3 frilled lizards
  7 rats
62 creatures vanquished.

Notes
Turn   | Place    | Note
-------+----------+-------------------------------------------
     0 | D:1      | MalarOregon the Draconian Venom Mage began the quest for
                  | the Orb.
     0 | D:1      | Reached XP level 1. HP: 14/14 MP: 3/3
   148 | D:1      | Reached skill level 1 in Fighting
   148 | D:1      | Reached XP level 2. HP: 23/23 MP: 1/5
   614 | D:2      | Reached XP level 3. HP: 27/28 MP: 2/6
   686 | D:2      | Learned a level 2 spell: Poisonous Vapours
   690 | D:2      | Learned a level 3 spell: Mephitic Cloud
  1436 | D:3      | Reached XP level 4. HP: 36/36 MP: 5/7
  1465 | D:3      | Found a stormy altar of Qazlal.
  1492 | D:3      | Found a hide-covered altar of Uskayaw.
  1702 | D:3      | Noticed Robin
  1888 | D:3      | Killed Robin
  1899 | D:3      | Reached XP level 5. HP: 41/42 MP: 1/9
  1972 | D:3      | Slain by an orc

Levels and vault maps discovered:
D:1:      grunt_arrival_crossed_arrows, layout_basic
D:2:      layout_loops_ring, kennysheep_generic_room_12
D:3:      wander_river, layout_loops_corners, lemuel_doored_altar,
          okawaru_gym_becter, minmay_misc_feat_four_crosses,
          grunt_qazlal_clouds, uniq_robin

Skill      XL: |  1  2  3  4  5 |
---------------+----------------+-----
Fighting       | 1 2 |  2.9
Dodging        | 2 |  2.4
Spellcasting   | 3 |  3.0
Conjurations   | 2 |  2.0
Stealth        | |  1.7
Poison Magic   | |  3.4

Action                   |  1- 3 |  4- 6 || total
-------------------------+-------+-------++-------
Melee: Spear             |    67 |    18 ||    85
       Tailslap          |     4 |     5 ||     9
       Dagger            |       |    55 ||    55
 Cast: Sting             |    30 |    26 ||    56
       Poisonous Vapours |     4 |     5 ||     9
 Stab: Sleeping          |     2 |     2 ||     4
  Eat: Chunk             |     2 |     2 ||     4
Armor: Skin              |    12 |    30 ||    42
Dodge: Dodged            |    30 |    72 ||   102

Table legend:
 A = Non-vault XP
 B = Vault XP
 C = Vault XP percentage of total XP
 D = Non-vault monster count
 E = Vault monster count
 F = Vault count percentage of total count
                 A         B        C        D         E       F
            +---------+---------+-------+---------+---------+-------
      Total |     190 |      38 |  16.7 |      49 |      13 |  21.0
            +---------+---------+-------+---------+---------+-------
        D:1 |      20 |       0 |   0.0 |      13 |       0 |   0.0
        D:2 |      74 |      10 |  11.9 |      20 |       5 |  20.0
        D:3 |      96 |      28 |  22.6 |      16 |       8 |  33.3
            +---------+---------+-------+---------+---------+-------
